 Dungeon Crawl Stone Soup version 0.30-a0-279-g4b46babb21 (webtiles) character file.

Game seed: 15538000671646739246

61 Lanoc the Magician (level 4, 0/31 HPs)
             Began as a Djinni Conjurer on Oct 17, 2022.
             Was a Follower of Dithmenos.
             Killed from afar by an orc wizard (7 damage)
             ... with a magic dart
             ... on level 3 of the Dungeon.
             The game lasted 00:02:33 (1431 turns).

Lanoc the Magician (Djinni Conjurer)                Turns: 1431, Time: 00:02:34

Health: 0/31       AC:  3    Str:  6    XL:     4   Next: 27%
Gold:   189        EV: 12    Int: 21    God:    Dithmenos [*.....] SH:  0 Dex: 12

rFire   + + .      SeeInvis +    (no weapon)
rCold   x . .      Faith    .    (no shield)
rNeg    . . .      Spirit   .    a - +0 robe
rPois   ∞          Reflect  .    (no helmet)
rElec   .          Harm     .    e - +0 cloak
rCorr   .          Rampage  .    (no gloves)
Will    .....                    (boots unavailable)
Stlth   ++........               (no amulet)
HPRegen 0.25/turn                h - ring of see invisible
MPRegen 0.00/turn                (no ring)

@: flying, wreathed by umbra
A: sickness immunity, fire resistance 2, cold vulnerability 1, float, innate
caster, HP casting, extra vitality 1
a: Renounce Religion


You were on level 3 of the Dungeon.
You worshipped Dithmenos.
Dithmenos was aware of your devotion.
You visited 1 branch of the dungeon, and saw 3 of its levels.

You collected 189 gold pieces.

Inventory:

Armour
 a - a +0 robe (worn)
 e - a +0 cloak (worn)
Jewellery
 h - a ring of see invisible (left hand)
Wands
 n - a wand of roots (12)
Scrolls
 d - a scroll of amnesia {unknown}
 f - a scroll of teleportation {unknown}
 j - a scroll of enchant weapon {unknown}
 l - a scroll of identify {unknown}
 m - a scroll of fear {unknown}
Potions
 b - a potion of cancellation {unknown}
 c - a potion of lignification {unknown}
 g - 2 potions of brilliance {unknown}
 i - a potion of flight {unknown}
 k - a potion of degeneration {unknown}


   Skills:
 + Level 3.1 Dodging
 - Level 1.5 Stealth
 * Level 4.0 Spellcasting


You couldn't memorise any spells.
You knew the following spells:

 Your Spells              Type           Power      Damage    Failure   Level
a - Magic Dart            Conj           84%        1d7       2%          1
b - Searing Ray           Conj           42%        2d6       3%          2
c - Dazzling Flash        Conj/Hex       42%        N/A       7%          3
d - Fulminant Prism       Conj/Hex       10%        3d9       22%         4
e - Iskenderun's Mystic   Conj/Tloc      21%        2d6       22%         4
f - Apportation           Tloc           42%        N/A       2%          1
Your spell library was empty.

Dungeon Overview and Level Annotations

Branches:
Dungeon (3/15)

Altars:
Dithmenos


Innate Abilities, Weirdness & Mutations

You are immune to sickness and miasma.
You are immune to poison.
Your flesh is very heat resistant. (rF++)
You are vulnerable to cold. (rC-)
You float through the air rather than walking.
You learn spells naturally, not from books.
Your magical power is your life essence.
You have superior vitality. (+4 MHP)


Message History

Confirm with . or Enter, or press ? or * to list all spells.
Aiming: Magic Dart (safe; 2% risk of failure)
Press: ? - help, Shift-Dir - straight line, f - orc wizard
Aim: an orc wizard, wielding a +0 dagger and wearing a +0 robe (100% to hit)
The magic dart hits the orc wizard.
The orc wizard is lightly wounded.
The orc wizard points at you and mumbles some strange words.
The magic dart hits you.
Casting: Magic Dart (safe; 2% risk of failure)
Confirm with . or Enter, or press ? or * to list all spells.
Aiming: Magic Dart (safe; 2% risk of failure)
Press: ? - help, Shift-Dir - straight line, f/p - orc wizard
Aim: an orc wizard, wielding a +0 dagger and wearing a +0 robe (lightly wounded, 100% to hit)
The magic dart hits the orc wizard.
The orc wizard is lightly wounded.
Casting: Magic Dart (safe; 2% risk of failure)
Confirm with . or Enter, or press ? or * to list all spells.
Aiming: Magic Dart (safe; 2% risk of failure)
Press: ? - help, Shift-Dir - straight line, f/p - orc wizard
Aim: an orc wizard, wielding a +0 dagger and wearing a +0 robe (lightly wounded, 100% to hit)
The magic dart hits the orc wizard but does no damage.
The orc wizard is lightly wounded.
* * * LOW HITPOINT WARNING * * *
Casting: Magic Dart (safe; 2% risk of failure)
Confirm with . or Enter, or press ? or * to list all spells.
Aiming: Searing Ray (safe; 3% risk of failure)
Press: ? - help, Shift-Dir - straight line, f/p - orc wizard
Aim: an orc wizard, wielding a +0 dagger and wearing a +0 robe (lightly wounded, 72% to hit)
The searing ray hits the orc wizard.
The orc wizard is heavily wounded. (Press . to maintain the ray.)
* * * LOW HITPOINT WARNING * * *
The orc wizard points at you and mumbles some strange words.
You resist with some effort.
The searing ray hits the orc wizard.
The orc wizard is heavily wounded.
* * * LOW HITPOINT WARNING * * *
The orc wizard gestures at you while chanting.
The magic dart hits you!
You die...

.#. #.# #.# #.# ###.##
####...##..o. ...
#.....). #.# ..#.#)#
###.####.#.#.######.
#####........#.#@.......
..<†................$.##
#####.#.####.###.####...
# #.#....(.# #.# .
#.######.# #.# #.# #..
... #.# ### #.. #)# ....
#.# #...


You could see an orc wizard.

Vanquished Creatures
  4 adders
  2 orcs (D:3)
  3 endoplasms
  2 goblins
  4 hobgoblins
  2 quokkas
  A ball python (D:1)
  3 bats
  A frilled lizard (D:1)
  2 rats (D:1)
24 creatures vanquished.

Vanquished Creatures (others)
  3 toadstools (D:1)
3 creatures vanquished.

Grand Total: 27 creatures vanquished

Notes
Turn   | Place    | Note
-------+----------+-------------------------------------------
     0 | D:1      | Lanoc the Djinni Conjurer began the quest for the Orb.
     0 | D:1      | Lanoc set off with the following spells memorised: Magic
                  | Dart, Searing Ray, Dazzling Flash, Fulminant Prism,
                  | Iskenderun's Mystic Blast.
     0 | D:1      | Reached XP level 1. HP: 15/15 MP: 0/0
   349 | D:1      | Reached XP level 2. HP: 3/21 MP: 0/0
   862 | D:2      | Reached XP level 3. HP: 18/25 MP: 0/0
   862 | D:2      | Learned a level 1 spell: Apportation
  1209 | D:2      | Found a faded altar of an unknown god.
  1229 | D:2      | Prayed at the altar of an unknown god.
  1229 | D:2      | Became a worshipper of Dithmenos the Shadowed
  1229 | D:2      | Reached * piety under Dithmenos
  1352 | D:3      | Reached skill level 4 in Spellcasting
  1352 | D:3      | Reached XP level 4. HP: 21/31 MP: 0/0
  1431 | D:3      | Killed from afar by an orc wizard

Illustrated notes

Levels and vault maps discovered:
D:1:      saegor_arrival_fortress, layout_loops_ring,
          hangedman_abyss_or_decor_lesser_grid, minmay_gold_behind_fungi
D:2:      layout_rooms, hellmonk_ecumenical_altar_crossroads
D:3:      layout_loops_ring

Skill      XL: |  1  2  3 |
---------------+----------+-----
Dodging        | 3 |  3.1
Spellcasting   | 4 |  4.0
Stealth        | |  1.5

Action                   |  1- 3 |  4- 6 || total
-------------------------+-------+-------++-------
 Cast: Magic Dart        |    44 |     7 ||    51
       Searing Ray       |     2 |     3 ||     5
Dodge: Dodged            |     5 |       ||     5

Table legend: (Time is in decaauts)
 A = Elapsed time spent in this place.
 B = Non-inter-level travel time spent in this place.
 C = Inter-level travel time spent in this place.
 D = Time resting spent in this place.
 E = Time spent auto-exploring this place.
 F = Levels seen in this place.
 G = Mean time per level.
                   A        B        C        D        E       F      G
               +--------+--------+--------+--------+--------+-----+--------+
         Total |   1429 |   1402 |     27 |      0 |   1243 |   3 |  476.3 |
       Dungeon |   1429 |   1402 |     27 |      0 |   1243 |   3 |  476.3 |
               +--------+--------+--------+--------+--------+-----+--------+

Top non-repeatable levels by time:
     D:1: 829 daAuts
     D:2: 497 daAuts
     D:3: 103 daAuts
